 Dungeon Crawl Stone Soup version 0.32-a0-18-g89e19f1974 (webtiles) character file.

Game seed: 13451408756041445797

213 Laraso the Cutter (level 6, 0/32 HPs)
             Began as a Kobold Enchanter on Jan 16, 2024.
             Slain by a centaur (5 damage)
             ... on level 3 of the Dungeon.
             The game lasted 00:05:25 (3211 turns).

Laraso the Cutter (Kobold Enchanter)                Turns: 3211, Time: 00:05:25

Health: 0/32       AC:  5    Str:  3 (6)  XL:     6   Next: 14%
Magic:  0/9        EV: 15    Int: 14 (16) God:
Gold:   106        SH:  0    Dex: 15 (17) Spells: 4/9 levels left

rFire   . . .        b - +1 short sword (speed)
rCold   . . .        (no shield)
rNeg    . . .        i - +0 robe
rPois   .            (no helmet)
rElec   .            (no cloak)
rCorr   .            f - +0 pair of gloves
SInv    .            (no boots)
Will    .....        (no amulet)
Stlth   ++++         (no ring)
HPRegen 0.25/turn    (no ring)
MPRegen 0.11/turn

%: no passive effects
@: very slightly contaminated, invisible
A: small, no large weapons, nightstalker 3, iridescent scales 1, MP-powered
wands, persistent drain
a: no special abilities


You were on level 3 of the Dungeon.
You visited 1 branch of the dungeon, and saw 3 of its levels.

You collected 106 gold pieces.

Inventory:

Hand Weapons
 a - a +1 dagger
 b - a +1 short sword of speed (weapon)
Missiles
 d - 2 poisoned darts (quivered)
Armour
 f - a +0 pair of gloves (worn)
 i - a +0 robe (worn)
Scrolls
 h - a scroll of identify {unknown}
 j - a scroll of teleportation {unknown}
 k - a scroll of fear {unknown}
Potions
 g - a potion of brilliance


   Skills:
 * Level 7.4 Short Blades
 - Level 2.4 Dodging
 - Level 4.0 Stealth
 - Level 2.1 Spellcasting
 - Level 3.0 Hexes


You had 4 spell levels left.
You knew the following spells:

 Your Spells              Type           Power      Damage    Failure   Level
a - Ensorcelled Hibernat  Hex/Ice        10%        N/A       19%         2
b - Confusing Touch       Hex            9%         N/A       21%         3

Your spell library contained the following spells:

 Spells                   Type           Power      Damage    Failure   Level
 Tukima's Dance           Hex            9%         N/A       21%         3
 Sublimation of Blood     Necr           1%         N/A       34%         2
 Dazzling Flash           Conj/Hex       10%        N/A       36%         3
 Petrify                  Alch/Erth      1%         N/A       93%         4
 Irradiate                Conj/Alch      0%         3d11      100%        5


Dungeon Overview and Level Annotations

Branches:
Dungeon (3/15)

Altars:
Fedhas
Wu Jian
The Shining One


Innate Abilities, Weirdness & Mutations

You are small and have problems with some larger weapons.
You are completely attuned to the shadows.
You are partially covered in iridescent scales. (AC +2)
You expend magic power (3 MP) to strengthen your wands.
Your health recovers twice as slowly from being drained.


Message History

The centaur barely misses you. x2
You hit the centaur but do no damage.
The centaur is moderately wounded.
The centaur completely misses you.
The centaur kicks you but does no damage.
You hit the centaur.
The centaur is moderately wounded.
The centaur closely misses you. The centaur kicks you.
* * * LOW HITPOINT WARNING * * *
Casting: Ensorcelled Hibernation (safe; 19% risk of failure)
Confirm with . or Enter, or press ? or * to list all spells.
Aiming: Ensorcelled Hibernation (safe; 19% risk of failure)
Press: ? - help, Shift-Dir - straight line, f/p - centaur
Aim: a centaur (moderately wounded, chance to affect: 38%)
You miscast Ensorcelled Hibernation.
You are very lightly contaminated with residual magic.
Nothing appears to happen.
The centaur misses you.
The centaur kicks you but does no damage.
The centaur misses you. x2
Your hands tingle!
b - a +1 short sword of speed (weapon)
You hit the centaur.
The centaur is heavily wounded.
The centaur hits you.
* * * LOW HITPOINT WARNING * * *
The centaur closely misses you.
You hit the centaur but do no damage.
The centaur is heavily wounded.
The centaur hits you.
* * * LOW HITPOINT WARNING * * *
The centaur barely misses you.
You hit the centaur but do no damage.
The centaur is heavily wounded.
You hit the centaur but do no damage.
The centaur is heavily wounded.
The centaur misses you.
The centaur kicks you but does no damage.
You fade into invisibility!
The centaur hits you.
You die...

.....###.#.#.###..##.#.
.......#.#.#.#....##.#.
....._...)....._.......
.......#.#.#.#...###.#.
.....###.#.#.###.# #...
...#.#...#.#...#.# ####
..##.#.###.###.#.# #+#
#...c..[......# #.#
###@##.##.#...# . #.#
#.##.##.#.### .. ##.##
#.......#.#
.c.###...#######......#
....)..........))...###
.#####...############
##.## ###


You could see a centaur (unable to see you).

Vanquished Creatures
  A phantom (D:2)
  2 adders (D:2)
  4 gnolls
  2 ribbon worms
  2 dart slugs
  10 orcs (D:3)
  3 ball pythons
  3 endoplasms
  2 giant cockroaches
  6 hobgoblins
  3 quokkas
  3 bats
  2 frilled lizards
  5 goblins
  7 kobolds
  6 rats
61 creatures vanquished.

Notes
Turn   | Place    | Note
-------+----------+-------------------------------------------
     0 | D:1      | Laraso the Kobold Enchanter began the quest for the Orb.
     0 | D:1      | Reached XP level 1. HP: 10/10 MP: 3/3
   304 | D:1      | Reached skill level 2 in Short Blades
   315 | D:1      | Reached XP level 2. HP: 15/15 MP: 5/5
   318 | D:1      | Learned a level 2 spell: Ensorcelled Hibernation
   413 | D:1      | Reached skill level 3 in Short Blades
   588 | D:1      | Reached XP level 3. HP: 19/19 MP: 6/6
  1028 | D:1      | Reached skill level 4 in Short Blades
  1343 | D:2      | Noticed a phantom
  1380 | D:2      | Reached XP level 4. HP: 23/24 MP: 2/7
  1764 | D:1      | Reached skill level 5 in Short Blades
  1935 | D:2      | Gained mutation: You expend magic power (3 MP) to
                  | strengthen your wands. [potion of mutation]
  1935 | D:2      | Gained mutation: Your health recovers twice as slowly from
                  | being drained. [potion of mutation]
  1935 | D:2      | Gained mutation: You are partially covered in iridescent
                  | scales. (AC +2) [potion of mutation]
  1950 | D:2      | Killed a phantom
  1951 | D:2      | Reached skill level 6 in Short Blades
  1951 | D:2      | Reached XP level 5. HP: 25/28 MP: 8/8
  2052 | D:2      | Learned a level 3 spell: Confusing Touch
  2216 | D:2      | Reached skill level 7 in Short Blades
  2654 | D:3      | Found an ornate altar of the Wu Jian Council.
  2739 | D:3      | Reached XP level 6. HP: 32/32 MP: 4/9
  3037 | D:3      | Found a glowing golden altar of the Shining One.
  3053 | D:3      | Found a blossoming altar of Fedhas.
  3211 | D:3      | Slain by a centaur

Illustrated notes

Levels and vault maps discovered:
D:1:      eino_arrival_water_cross, layout_loops_corners
D:2:      layout_basic, grunt_ministairs_10, minmay_misc_feat_tiny
D:3:      layout_loops_corners, nicolae_overflow_crystal_walls,
          mainiacjoe_overflow_large_starburst

Skill      XL: |  1  2  3  4  5 |
---------------+----------------+-----
Short Blades   | 2 3 4 6 7 |  7.4
Dodging        | |  2.4
Stealth        | |  4.0
Spellcasting   | |  2.1
Hexes          | |  3.0

Action                     |  1- 3 |  4- 6 || total
---------------------------+-------+-------++-------
  Melee: Dagger            |    40 |    30 ||    70
         Short sword       |       |   114 ||   114
         Punch             |       |     1 ||     1
  Throw: Dart              |       |     2 ||     2
   Cast: Ensorcelled Hiber |    14 |    17 ||    31
    Use: Potion            |       |     7 ||     7
         Scroll            |       |     1 ||     1
   Stab: Sleeping          |    17 |    21 ||    38
         Invisible         |       |     6 ||     6
 Armour: Robe              |    14 |    53 ||    67
  Dodge: Dodged            |    28 |    77 ||   105

Table legend: (Time is in decaauts)
 A = Elapsed time spent in this place.
 B = Non-inter-level travel time spent in this place.
 C = Inter-level travel time spent in this place.
 D = Time resting spent in this place.
 E = Time spent auto-exploring this place.
 F = Levels seen in this place.
 G = Mean time per level.
                   A        B        C        D        E       F      G
               +--------+--------+--------+--------+--------+-----+--------+
         Total |   3129 |   2916 |    213 |    245 |   2150 |   3 | 1043.0 |
       Dungeon |   3129 |   2916 |    213 |    245 |   2150 |   3 | 1043.0 |
               +--------+--------+--------+--------+--------+-----+--------+

Top non-repeatable levels by time:
     D:1: 1272 daAuts
     D:2: 1057 daAuts
     D:3: 799 daAuts
